[Event "Ostravsky Konik-A 2019"]
[Site "Ostrava"]
[Date "2019.05.04"]
[Round "8.3"]
[White "Stalmach, Richard"]
[Black "Ruzicka, Petr"]
[Result "1/2-1/2"]
[ECO "E12"]
[WhiteElo "2193"]
[BlackElo "2195"]
[Annotator "NA RC"]
[PlyCount "99"]
[EventDate "2019.04.27"]
[EventType "swiss"]
[EventCountry "CZE"]
[SourceTitle "playchess.com"]
[Source "ChessBase"]
[SourceQuality "1"]
[TimeControl "40/5400+30:1800+30"]

1. d4 Nf6 2. c4 e6 3. Nf3 b6 4. Bg5 Bb7 5. g3 Bb4+ 6. Nbd2 O-O 7. Bg2 Re8 8. O-O h6 9. Bxf6 Qxf6 10. e4 Qd8 11. a3 Bf8 12. b4 a5 13. Qb3 d6 14. d5 e5 15. Rfc1 Nd7 16. Nf1 Be7 17. Ne3 g6 18. Bh3 Nf6 19. Qc2 Bc8 20. Bg2 Nd7 21. Ne1 Bg5 22. Qe2 h5 23. Nd3 h4 24. c5 hxg3 25. hxg3 Ba6 26. cxd6 cxd6 27. Rab1 axb4 28. axb4 Bb5 29. Rc3 Bxe3 30. Qxe3 Ra2 31. Bh3 Nf6 32. Rbc1 Bd7 33. Bg2 Ra7 34. Nb2 Qb8 35. Nc4 Ra6 36. Bf1 Ng4 37. Qf3 Ra2 38. Bh3 b5 39. Ne3 Rxf2 40. Qd1 Nxe3 41. Rxe3 Rf6 42. Bxd7 Qa7 43. Qe2 Qxd7 44. Kg2 Kg7 45. Rh1 Rh8 46. Rxh8 Kxh8 47. Rc3 Kg7 48. Rc1 Qa7 49. Qd2 Qa3 50. Qc3 1/2-1/2

[Event "Ostravsky Konik-A 2019"]
[Site "Ostrava"]
[Date "2019.05.04"]
[Round "8.4"]
[White "Nytra, Ondrej"]
[Black "Mrva, Marek"]
[Result "0-1"]
[ECO "C41"]
[WhiteElo "1892"]
[BlackElo "2136"]
[Annotator "NA"]
[PlyCount "82"]
[EventDate "2019.04.27"]
[EventType "swiss"]
[EventCountry "CZE"]
[SourceTitle "playchess.com"]
[Source "ChessBase"]
[SourceQuality "1"]
[TimeControl "40/5400+30:1800+30"]

1. e4 d6 2. d4 Nf6 3. Nc3 e5 4. Nf3 Nbd7 5. Bc4 Be7 6. O-O O-O 7. Re1 c6 8. dxe5 dxe5 9. Qe2 b5 10. Bb3 Qc7 11. a3 Nc5 12. Ba2 a5 13. Be3 Ncxe4 14. Nxe4 Nxe4 15. Bf4 exf4 16. Qxe4 Bf6 17. Ne5 Re8 18. Qxc6 Qxc6 19. Nxc6 Be6 20. Bxe6 Rxe6 21. Rxe6 fxe6 22. c3 Ra6 23. Nd4 Bxd4 24. cxd4 Rc6 25. Re1 Rc2 26. Kf1 Rxb2 27. Rxe6 b4 28. axb4 axb4 29. Rb6 b3 30. Rb7 Kf8 31. h4 g6 32. g4 f3 33. Kg1 Rb1+ 34. Kh2 b2 35. h5 gxh5 36. gxh5 h6 37. Rb6 Ke7 38. Rb3 Kd6 39. Rxf3 Rd1 40. Rf6+ Kd5 41. Rb6 b1=Q 0-1

[Event "Ostravsky Konik-A 2019"]
[Site "Ostrava"]
[Date "2019.05.04"]
[Round "8.5"]
[White "Malicka, Maria"]
[Black "Gnojek, Petr"]
[Result "0-1"]
[ECO "B81"]
[WhiteElo "2118"]
[BlackElo "2138"]
[Annotator "NA"]
[PlyCount "56"]
[EventDate "2019.04.27"]
[EventType "swiss"]
[EventCountry "CZE"]
[SourceTitle "playchess.com"]
[Source "ChessBase"]
[SourceQuality "1"]
[TimeControl "40/5400+30:1800+30"]

1. e4 c5 2. Nf3 d6 3. d4 cxd4 4. Nxd4 Nf6 5. Nc3 e6 6. g4 h6 7. h4 Nc6 8. Rg1 h5 9. gxh5 Nxh5 10. Bg5 Nf6 11. Qd2 a6 12. O-O-O Qc7 13. Bg2 Bd7 14. f4 Nxd4 15. Qxd4 Nh7 16. f5 Nxg5 17. hxg5 O-O-O 18. g6 d5 19. fxe6 fxe6 20. Na4 Bxa4 21. Qxa4 Bc5 22. Rh1 Qg3 23. Rxh8 Rxh8 24. Bh1 Qe3+ 25. Kb1 Qe2 26. Rc1 Be3 27. exd5 Bxc1 28. dxe6 Qxe6 0-1

[Event "Ostravsky Konik-A 2019"]
[Site "Ostrava"]
[Date "2019.05.04"]
[Round "8.6"]
[White "Chlevistan, Jakub"]
[Black "Matras, Ondrej"]
[Result "1/2-1/2"]
[ECO "D02"]
[WhiteElo "2047"]
[BlackElo "2162"]
[Annotator "NA"]
[PlyCount "49"]
[EventDate "2019.04.27"]
[EventType "swiss"]
[EventCountry "CZE"]
[SourceTitle "playchess.com"]
[Source "ChessBase"]
[SourceQuality "1"]
[TimeControl "40/5400+30:1800+30"]

1. Nf3 d5 2. d4 Nc6 3. c4 e6 4. Nc3 Nf6 5. Bg5 Be7 6. e3 O-O 7. Rc1 Ne4 8. Bxe7 Qxe7 9. a3 Nxc3 10. Rxc3 Rd8 11. cxd5 exd5 12. Bd3 g6 13. O-O Nb8 14. Ne5 c6 15. Bb1 Nd7 16. f4 f6 17. Nf3 Nb6 18. f5 g5 19. Nd2 Kh8 20. h4 gxh4 21. Qh5 Rg8 22. Qxh4 Bd7 23. e4 dxe4 24. Nxe4 Nd5 25. Rh3 1/2-1/2

[Event "Ostravsky Konik-A 2019"]
[Site "Ostrava"]
[Date "2019.05.04"]
[Round "8.7"]
[White "Kucera, Tomas"]
[Black "Orzechowski, Jacek"]
[Result "0-1"]
[ECO "D78"]
[WhiteElo "2024"]
[BlackElo "2139"]
[Annotator "NA"]
[PlyCount "72"]
[EventDate "2019.04.27"]
[EventType "swiss"]
[EventCountry "CZE"]
[SourceTitle "playchess.com"]
[Source "ChessBase"]
[SourceQuality "1"]
[TimeControl "40/5400+30:1800+30"]

1. c4 c6 2. g3 d5 3. Bg2 Nf6 4. d4 g6 5. Nf3 Bg7 6. O-O O-O 7. Bf4 dxc4 8. Qc2 b5 9. a4 Bb7 10. Rd1 Nbd7 11. Nc3 a6 12. e4 Qc8 13. Qe2 Nh5 14. Bg5 Re8 15. e5 Nb6 16. Ne1 f5 17. Nc2 Bf8 18. d5 Nxd5 19. Nxd5 cxd5 20. axb5 e6 21. Nd4 axb5 22. Nxb5 Qc5 23. Rxa8 Rxa8 24. Nd4 Ra6 25. Be3 Qb4 26. g4 Ng7 27. gxf5 gxf5 28. Qc2 Ra2 29. Bc1 Qa4 30. Qxa4 Rxa4 31. Bd2 Bb4 32. Bh6 Bc5 33. Bxg7 Bxd4 34. Rxd4 Kxg7 35. Rd2 Ra1+ 36. Bf1 c3 0-1

[Event "Ostravsky Konik-A 2019"]
[Site "Ostrava"]
[Date "2019.05.04"]
[Round "8.8"]
[White "Meers, Hubert"]
[Black "Nehyba, Martin"]
[Result "0-1"]
[ECO "B33"]
[WhiteElo "2023"]
[BlackElo "2115"]
[Annotator "NA"]
[PlyCount "86"]
[EventDate "2019.04.27"]
[EventType "swiss"]
[EventCountry "CZE"]
[SourceTitle "playchess.com"]
[Source "ChessBase"]
[SourceQuality "1"]
[TimeControl "40/5400+30:1800+30"]

1. e4 c5 2. Nf3 e6 3. d4 cxd4 4. Nxd4 Nc6 5. Nc3 Nf6 6. Ndb5 d6 7. Bf4 e5 8. Bg5 a6 9. Na3 b5 10. Nd5 Be7 11. Bxf6 Bxf6 12. c3 Bg5 13. Nc2 Be6 14. a4 bxa4 15. Rxa4 O-O 16. h4 Bh6 17. g3 a5 18. Bh3 Ne7 19. g4 Nxd5 20. exd5 Bd7 21. Re4 Qxh4 22. Qf3 Qg5 23. Ne3 a4 24. Bf1 f5 25. gxf5 Bxf5 26. Reh4 a3 27. bxa3 Rxa3 28. Rh5 Ra1+ 29. Kd2 Bg6 30. Qxf8+ Kxf8 31. Rxg5 Bxg5 32. Rg1 Bf4 33. Ke2 Be4 34. c4 h6 35. Rg4 Ra2+ 36. Ke1 Bf3 37. Rg1 g5 38. c5 dxc5 39. d6 h5 40. d7 Ke7 41. Nf5+ Kd8 42. Ne3 g4 43. Nd1 Bd2# 0-1

[Event "Ostravsky Konik-A 2019"]
[Site "Ostrava"]
[Date "2019.05.05"]
[Round "9.1"]
[White "Mica, Marek"]
[Black "Mrva, Marek"]
[Result "1-0"]
[ECO "A61"]
[WhiteElo "2139"]
[BlackElo "2125"]
[Annotator "NA RC"]
[PlyCount "101"]
[EventDate "2019.04.27"]
[EventType "swiss"]
[EventCountry "CZE"]
[SourceTitle "playchess.com"]
[Source "ChessBase"]
[SourceQuality "1"]
[TimeControl "40/5400+30:1800+30"]

1. d4 Nf6 2. c4 c5 3. d5 e6 4. Nc3 exd5 5. cxd5 d6 6. Nf3 g6 7. Nd2 Bg7 8. e4 O-O 9. Be2 Na6 10. O-O Nc7 11. a4 b6 12. Nc4 Re8 13. f3 Ba6 14. Bg5 Bxc4 {[%emt 0:05:51] A79: Modern Benoni: Classical: 9...Re8 10 Nd2 Na6 11 f3} 15. Bxc4 a6 16. Qd2 Qd7 {[%emt 0:04:37] [#]} 17. a5 $146 ({Predecessor:} 17. Qd3 Nh5 18. g4 Bd4+ 19. Kh1 Ng7 20. Bd2 f5 21. exf5 gxf5 22. g5 f4 23. Rae1 {½-½ (52) Evdokimov,A (2555)-Berg,E (2592) Helsingor 2008}) 17... b5 18. Bd3 Nh5 19. g4 Bd4+ 20. Kh1 f6 21. Bh4 g5 22. gxh5 gxh4 23. Ne2 Qf7 24. Nxd4 cxd4 25. Qf4 Re5 26. Rg1+ Kh8 27. h6 Ne8 28. Rac1 Rh5 29. Bf1 Qf8 30. Bh3 Qxh6 31. Qxh6 Rxh6 32. Bf5 Rh5 33. f4 Ng7 34. Rc8+ Rxc8 35. Bxc8 f5 $18 36. e5 dxe5 37. fxe5 f4 38. Bxa6 Rxe5 39. Bb7 f3 40. a6 f2 41. Rf1 h3 42. a7 Re1 43. a8=Q+ Ne8 44. Qa1 Rxa1 45. Rxa1 Nd6 46. Rf1 Nxb7 47. Rxf2 d3 48. Rd2 Nc5 49. d6 Kg7 50. Rxd3 Nxd3 51. d7 1-0

[Event "Ostravsky Konik-A 2019"]
[Site "Ostrava"]
[Date "2019.05.05"]
[Round "9.2"]
[White "Nehyba, Martin"]
[Black "Sernecki, Franciszek"]
[Result "1-0"]
[ECO "D32"]
[WhiteElo "2113"]
[BlackElo "2259"]
[Annotator "NA"]
[PlyCount "135"]
[EventDate "2019.04.27"]
[EventType "swiss"]
[EventCountry "CZE"]
[SourceTitle "playchess.com"]
[Source "ChessBase"]
[SourceQuality "1"]
[TimeControl "40/5400+30:1800+30"]

1. d4 d5 2. c4 e6 3. Nc3 c5 4. cxd5 exd5 5. Nf3 Nc6 6. Bg5 Be7 7. Bxe7 Ngxe7 8. e3 c4 9. Be2 O-O {[%emt 0:05:10] D32: Tarrasch Defence: Sidelines and lines without g3} 10. O-O Bf5 (10... Rb8 11. a4 a6 12. Ne5 Be6 13. Nxc6 bxc6 14. Qd2 a5 15. f3 Rb4 16. Na2 Rb7 17. Rab1 {0-1 (63) Wang,Y (2736)-Akobian,V (2606) Beijing 2008}) 11. b3 Qa5 12. Qe1 $146 ({Predecessor:} 12. Qd2 b5 13. bxc4 bxc4 14. Nh4 Be6 15. Rfb1 Rab8 16. Rxb8 Rxb8 17. Rb1 Rxb1+ 18. Nxb1 {½-½ (35) Nachbar,B (2133)-Fiebig,T (2379) Germany 2013}) 12... b5 13. Ne5 b4 14. Nxc6 Nxc6 15. Na4 Rfe8 16. Qd1 c3 17. Bd3 Bxd3 18. Qxd3 Qc7 19. Qb5 Qd6 20. Qa6 Re6 21. Rfe1 Nd8 22. Qxd6 Rxd6 23. a3 Nc6 24. axb4 Nxb4 25. Rec1 c2 26. Nc5 a5 27. Kf1 Kf8 28. Ke2 Rh6 29. h3 Rg6 30. g3 Rc6 31. Nd3 Rb6 32. Nxb4 Rxb4 33. Ra3 a4 34. bxa4 ({And not} 34. Rxc2 Rxb3 35. Rca2 Rb4 $11) 34... Raxa4 35. Rxa4 Rxa4 36. Rxc2 Ke7 37. Rc6 Ra2+ 38. Kf3 Rb2 39. Ra6 Rc2 40. Rb6 Ra2 41. g4 h6 42. Kg3 Re2 43. Rb3 Kd6 44. h4 Ke6 (44... Ra2 {was called for.} 45. Rb7 Ke6) 45. h5 $18 Kf6 46. f4 Re1 47. Kf2 Rh1 48. Rb5 Ke6 49. Ra5 Rh3 50. Rb5 Rh1 51. f5+ Kf6 52. Rxd5 Kg5 53. Rd7 Kxg4 54. Rxf7 Rh2+ 55. Kg1 Re2 56. Rxg7+ Kxf5 57. Re7 Kg4 58. Kf1 Rh2 59. Re5 Kf3 60. Ke1 Re2+ 61. Kd1 Ra2 62. d5 Rb2 63. d6 Rb6 64. Rd5 Rb8 65. d7 Rd8 66. Kd2 Ke4 67. Rd4+ Ke5 68. Kd3 1-0

[Event "Ostravsky Konik-A 2019"]
[Site "Ostrava"]
[Date "2019.05.05"]
[Round "9.3"]
[White "Gnojek, Petr"]
[Black "Frank, Adam"]
[Result "0-1"]
[ECO "A41"]
[WhiteElo "2016"]
[BlackElo "2015"]
[Annotator "NA RC"]
[PlyCount "116"]
[EventDate "2019.04.27"]
[EventType "swiss"]
[EventCountry "CZE"]
[SourceTitle "playchess.com"]
[Source "ChessBase"]
[SourceQuality "1"]
[TimeControl "40/5400+30:1800+30"]

1. d4 d6 2. e4 Nf6 3. f3 g6 4. c4 Nbd7 5. Nc3 e5 6. Nge2 Bg7 7. Be3 {E80: King's Indian: Sämisch: Lines without early ...0-0} exd4 (7... c6 8. Qd2 Qe7 9. d5 O-O 10. O-O-O cxd5 11. cxd5 a6 12. g4 b5 13. h4 h5 14. Bh3 hxg4 15. Bxg4 Nxg4 16. fxg4 {0-1 (31) Wojtaszek,R (2734)-Petrosian,T (2625) Berlin 2015}) 8. Nxd4 O-O 9. Be2 Ne5 10. O-O Be6 11. Nd5 $146 ({Predecessor:} 11. Nxe6 fxe6 12. Qb3 b6 13. c5 dxc5 14. Qxe6+ Nf7 15. Rfd1 Qe8 16. Qb3 Kh8 {1-0 (28) Lichmann,P (2160)-Forchmann,G (1577) Winterberg 2002}) 11... c6 12. Nxe6 fxe6 13. Nxf6+ Bxf6 14. f4 Nf7 15. g4 e5 16. f5 Bg5 17. Qd2 Bxe3+ 18. Qxe3 Qb6 19. c5 Qxc5 20. Qxc5 dxc5 21. Bc4 g5 $11 22. Rad1 Rfd8 23. h4 h6 24. hxg5 hxg5 25. Kf2 Rd4 26. Rxd4 cxd4 27. Rh1 Rd8 28. Ke2 c5 29. a4 Rd7 30. Kd3 b6 31. Rh6 Kf8 32. Rf6 Rc7 33. Rg6 Rd7 34. b3 Rc7 35. Bd5 Rd7 36. Bxf7 Rxf7 37. Rxg5 Rg7 38. Rh5 Rxg4 39. Rh3 Kf7 40. Rh7+ Rg7 41. Rh4 Kf6 42. Rh6+ Kg5 43. Rh1 a6 44. Kc4 Rd7 45. Rg1+ Kf4 46. Kd3 Kf3 47. f6 Kf2 48. Rg5 Rf7 49. Rxe5 Kg3 50. Rf5 Kg4 51. Kc4 b5+ 52. axb5 axb5+ 53. Kxc5 d3 54. Rf1 d2 55. e5 Rc7+ 56. Kxb5 Rc1 57. Rf4+ Kxf4 58. f7 Rc8 0-1

[Event "Ostravsky Konik-A 2019"]
[Site "Ostrava"]
[Date "2019.05.05"]
[Round "9.5"]
[White "Orzechowski, Jacek"]
[Black "Stalmach, Richard"]
[Result "0-1"]
[ECO "A10"]
[WhiteElo "2139"]
[BlackElo "1991"]
[Annotator "NA RC"]
[PlyCount "64"]
[EventDate "2019.04.27"]
[EventType "swiss"]
[EventCountry "CZE"]
[SourceTitle "playchess.com"]
[Source "ChessBase"]
[SourceQuality "1"]
[TimeControl "40/5400+30:1800+30"]

1. c4 f5 2. g3 Nf6 3. Bg2 g6 4. Nc3 Bg7 5. d3 O-O 6. e4 {[%emt 0:00:24] A10: English Opening: Unusual Replies for Black} e6 (6... d6 7. Nge2 fxe4 8. dxe4 c5 9. O-O Nc6 10. h3 Be6 11. b3 Qd7 12. Kh2 a6 13. Be3 Ne8 14. Rc1 Nc7 15. Nd5 Rad8 16. f4 {½-½ (44) Howell,D (2693)-L'Ami,E (2623) Reykjavik 2015}) 7. Nge2 d6 8. O-O c6 9. h3 e5 10. Bg5 $146 ({Predecessor:} 10. exf5 gxf5 11. Be3 Nh5 12. f4 Qe8 13. Qd2 Qg6 {1-0 (41) Franco Ocampos,Z (2510)-Lipiniks,L (2180) Asuncion 2002}) 10... h6 11. Be3 g5 12. exf5 Bxf5 13. f4 exf4 14. gxf4 Qe8 15. Qd2 g4 16. Ng3 Qg6 17. Nxf5 Qxf5 18. Ne4 gxh3 19. Nxf6+ Rxf6 20. Bf3 Nd7 21. Kh1 Re8 22. Rg1 Ne5 23. Be2 Nxc4 24. dxc4 Qe4+ 25. Kh2 Qxe3 26. Qxe3 $19 Rxe3 27. Bh5 Rxf4 28. Rg6 Rf2+ 29. Kh1 Rf6 30. Rg4 h2 31. Kxh2 Re5 32. Bg6 Rg5 0-1

[Event "Ostravsky Konik-A 2019"]
[Site "Ostrava"]
[Date "2019.05.05"]
[Round "9.6"]
[White "Krajina, Ales"]
[Black "Shilov, Sergej"]
[Result "1-0"]
[ECO "A00"]
[WhiteElo "2119"]
[BlackElo "2158"]
[Annotator "NA"]
[PlyCount "123"]
[EventDate "2019.04.27"]
[EventType "swiss"]
[EventCountry "CZE"]
[SourceTitle "playchess.com"]
[Source "ChessBase"]
[SourceQuality "1"]
[TimeControl "40/5400+30:1800+30"]

1. h4 e5 2. h5 d5 3. c3 c5 4. d4 exd4 5. cxd4 cxd4 6. Nf3 Nc6 7. Nxd4 Bc5 8. e3 h6 9. Nc3 Nf6 10. Be2 Bb6 11. Bf3 O-O 12. Nxc6 bxc6 13. O-O Bf5 14. Qa4 Qd6 15. Rd1 Rfe8 16. b3 Bc7 17. Qh4 Rab8 18. g3 Bd8 19. Qf4 Qxf4 20. gxf4 Bg4 21. Bxg4 Nxg4 22. Kg2 Nf6 23. Rh1 c5 24. Na4 Rc8 25. Bb2 Ne4 26. Rad1 d4 27. f3 Nc3 28. Bxc3 dxc3 29. e4 Ba5 30. a3 Red8 31. Kf2 Rd4 32. Ke2 Rcd8 33. Rxd4 Rxd4 34. Rc1 Rd2+ 35. Ke3 Ra2 36. Kd3 Rxa3 37. Kc4 Ra2 38. Nxc5 Rh2 39. b4 Bb6 (39... Bc7 $11) 40. Rxc3 Rxh5 41. f5 Rh1 42. Nd7 Bf2 (42... Bd8 $11 {keeps the balance.}) 43. f4 (43. Kb5 $16 f6 44. Rc2) 43... Rd1 $11 44. Rd3 Rc1+ 45. Kd5 Rb1 46. Rf3 Bh4 47. Ra3 Bf2 48. Ra2 Be3 49. Ra3 Bf2 50. Ra2 Rd1+ 51. Kc6 Rf1 52. Nc5 h5 53. Rxa7 h4 54. Ra3 Bg3 55. e5 Bxf4 56. e6 fxe6 57. fxe6 Re1 58. Kd7 Bg5 59. b5 Rd1+ 60. Rd3 Re1 61. b6 Rb1 62. Nb3 1-0

[Event "Ostravsky Konik-A 2019"]
[Site "Ostrava"]
[Date "2019.05.05"]
[Round "9.7"]
[White "Matras, Ondrej"]
[Black "Kalinowska, Zuzanna"]
[Result "0-1"]
[ECO "E16"]
[WhiteElo "2221"]
[BlackElo "2046"]
[Annotator "NA"]
[PlyCount "160"]
[EventDate "2019.04.27"]
[EventType "swiss"]
[EventCountry "CZE"]
[SourceTitle "playchess.com"]
[Source "ChessBase"]
[SourceQuality "1"]
[TimeControl "40/5400+30:1800+30"]

1. d4 Nf6 2. c4 e6 3. Nf3 Bb4+ 4. Bd2 Qe7 5. g3 O-O 6. Bg2 Bxd2+ 7. Qxd2 d6 8. Nc3 Nc6 9. O-O a5 10. e4 e5 11. d5 Nb8 12. Ne1 Na6 13. Nd3 {[%emt 0:03:03] E11: Bogo-Indian} c6 (13... Nd7 14. b3 Ndc5 15. Rab1 f5 16. Nxc5 Nxc5 17. Rfe1 f4 18. gxf4 Rxf4 19. f3 Bd7 20. Ne2 Rf6 {0-1 (38) Kiselev,V (2539)-Bachmann,A (2562) ICC INT 2009}) 14. f4 Nd7 15. Rad1 $146 ({Predecessor:} 15. f5 f6 16. g4 Nb6 17. b3 cxd5 18. exd5 Nd7 19. Ne4 b6 20. h4 Ndc5 21. Ndxc5 Nxc5 22. Nxc5 {½-½ (22) Marchlewicz,K (2008)-Baturo,T (2112) Leba 2008}) 15... Rd8 16. Qf2 f6 17. f5 Ndc5 18. g4 Rb8 19. h4 Bd7 20. Kh2 Be8 21. Rg1 Bf7 22. Bf3 cxd5 23. cxd5 b5 24. g5 Be8 25. Nxc5 Nxc5 26. Qe3 b4 27. Ne2 Na4 28. b3 Nc5 29. Rg2 a4 30. Rdg1 Rb7 31. Ng3 axb3 32. axb3 Ra8 33. Bh5 Bb5 34. Bd1 Be8 $1 35. Nh1 fxg5 36. hxg5 Qd8 37. Nf2 Ra2 38. Ng4 Rba7 (38... Rxg2+ $11 39. Rxg2 Rc7) 39. Kh1 Rxg2 40. Rxg2 Ra1 41. Rg1 Nd7 42. f6 Bg6 43. Qf3 $2 (43. fxg7 $11 {and White has nothing to worry.} Kxg7 44. Nh6) 43... Nc5 $19 44. fxg7 Kxg7 45. Nf6 Nd7 46. Nh5+ Kg8 47. Qg4 Qe7 48. Ng3 Nc5 49. Kh2 Ra2+ 50. Rg2 Rxg2+ 51. Kxg2 Qf7 52. Bf3 Nxb3 53. Qc8+ Qf8 54. Qe6+ Kh8 55. Bh5 Nd4 56. Qg4 b3 57. Bxg6 hxg6 58. Nf5 Nxf5 59. exf5 Qxf5 60. Qb4 Qxg5+ 61. Kh3 Qf5+ 62. Kg2 Qc2+ 63. Kh3 Qd3+ 64. Kh2 Qxd5 65. Qh4+ Kg7 66. Qe7+ Qf7 67. Qxd6 Qf4+ 68. Kg2 b2 69. Qe7+ Kh6 70. Qb7 Qc1 71. Qe4 Qg5+ 72. Kh1 Qf4 73. Qd3 Kg5 74. Kg2 Qd4 75. Qc2 Kf4 76. Kh2 g5 77. Kh3 Qe3+ 78. Kh2 Qg3+ 79. Kh1 Qe1+ 80. Kg2 Qe4+ 0-1